 Dungeon Sprint DCSS version 0.26-a0-690-gcb57259078 (webtiles) character file.

Game seed: 7524985568991236121

1528 olmar the Protected (level 8, -1/79 HPs)
             Began as a Minotaur Fighter on Oct 24, 2020.
             Was an Initiate of Gozag.
             Slain by a sea snake (39 damage)
             ... in the Dungeon (Sprint VII: "The Pits").
             The game lasted 00:02:51 (552 turns).

olmar the Protected (Minotaur Fighter)               Turns: 552, Time: 00:02:52

Health: -1/79      AC: 21    Str: 23    XL:     8   Next: 55%
Magic:  7/7        EV: 13    Int:  5    God:    Gozag
Gold:   1395       SH:  0    Dex: 10    Spells: 7/7 levels left

rFire    . . .     SeeInvis .   k - +2 mace
rCold    . . .     Faith    .   c - +0 kite shield
rNeg     . . .     Spirit   .   w - +4 chain mail
rPois    .         Reflect  .   (helmet restricted)
rElec    .         Harm     .   r - +0 cloak
rCorr    .         Rampage  .   (no gloves)
MR       .....     NoTele   +   (no boots)
Stlth    ..........             (no amulet)
HPRegen  0.23/turn              s - +3 ring of evasion
MPRegen  0.10/turn              t - +3 ring of protection

@: mighty, sleeping
A: retaliatory headbutt, horns 2
a: Potion Petition, Call Merchant, Bribe Branch, Renounce Religion


You were in the Dungeon.
You worshipped Gozag.
Gozag was most pleased with you.
You visited 1 branch You collected 1395 gold pieces.

Inventory:

Hand Weapons
 a - a +0 flail
 k - a +2 mace (weapon)
 q - a +2 quarterstaff of chaos
Armour
 c - a +0 kite shield (worn)
 r - a +0 cloak (worn)
 w - a +4 chain mail (worn)
Jewellery
 s - a +3 ring of evasion (left hand)
 t - a +3 ring of protection (right hand)
Scrolls
 j - a scroll of blinking
 m - 3 scrolls of remove curse
 n - 5 scrolls of amnesia
 o - a scroll of summoning
Potions
 e - 6 potions of curing
 g - a potion of haste
 h - 4 potions of magic
 i - 4 potions of berserk rage
 l - 2 potions of invisibility
 p - 5 potions of heal wounds
 u - 2 potions of stabbing
 v - a potion of resistance
 z - a potion of mutation


   Skills:
 + Level 9.7 Fighting
 + Level 11.0 Maces & Flails
 + Level 12.4 Armour
 + Level 6.3 Dodging
 + Level 0.1 Stealth
 + Level 11.8 Shields


You had 7 spell levels left.
You didn't know any spells.
Your spell library was empty.

Dungeon Overview and Level Annotations

Branches:
Dungeon (1/1)

Altars:
Ashenzari
Cheibriados
Dithmenos
Elyvilon
Fedhas
Gozag
Hepliaklqana
Kikubaaqudgha
Makhleb
Nemelex Xobeh
Okawaru
Qazlal
Ru
Sif Muna
Trog
Uskayaw
Vehumet
Wu Jian
Xom
Yredelemnul
Zin
The Shining One
Beogh
Jiyva
Lugonu


Innate Abilities, Weirdness & Mutations

You reflexively headbutt those who attack you in melee.
You have a pair of horns on your head.


Message History

You closely miss the sea snake. You headbutt the sea snake!
The sea snake is severely wounded.
The sea snake completely misses you. You block the dream sheep's attack.
Unknown command.
Unknown command.
You miss the sea snake. Your headbutt misses the sea snake.
The sea snake is severely wounded.
The dream sheep bites you but does no damage.
The sea snake bites you but does no damage.
The dream sheep bites you but does no damage.
Unknown command.
Your chain mail prevents you from hitting the sea snake.
Your headbutt misses the sea snake.
The sea snake is severely wounded.
The sea snake bites you but does no damage.
The dream sheep shake their wool and sparkle.
You feel drowsy...
You fall asleep.
The sea snake bites you!!!
You die...
Your body crumbles into a pile of gold.

__.# __.#
...###########++######
##'##................#
)'.##......#..#......#
##.##................+
....'................+
#####......#..#Y.....#
...##........[MY@....#
##'#####'#####'S######
...##.......##''#
...##.......##..#
'####.......##..#
...##...<...##..#
...##.......##..#
...##.......##..#
#####.......##...


You could see a sea snake, 2 dream sheep and a mummy.

Vanquished Creatures
  An orc sorcerer (D)
  A jumping spider (D)
  2 dream sheep (D)
  A floating eye (D)
  Duvessa (D)
  A phantom (D)
  A big kobold (D)
  A scorpion (D)
  A killer bee (D)
  A hound (D)
  A quasit (D)
  Crazy Yiuf (D)
  A worker ant (D)
  An adder (D)
  A river rat (D)
  A white imp (D)
  An ufetubus (D)
  A leopard gecko (D)
  A bat zombie (D)
  A hobgoblin (D)
  A quokka (D)
  3 ball pythons (D)
  A rat (D)
26 creatures vanquished.

Notes
Turn   | Place    | Note
-------+----------+-------------------------------------------
     0 | D        | olmar the Minotaur Fighter began the quest for the Orb.
     0 | D        | Reached XP level 1. HP: 19/19 MP: 0/0
    17 | D        | Found a bloodstained altar of Trog.
    17 | D        | Found a shimmering blue altar of Sif Muna.
    17 | D        | Found a viscous altar of Jiyva.
    17 | D        | Found a hazy altar of Hepliaklqana.
    17 | D        | Found an opulent altar of Gozag.
    18 | D        | Found a glowing golden altar of the Shining One.
    18 | D        | Found a glowing silver altar of Zin.
    18 | D        | Found a basalt altar of Yredelemnul.
    18 | D        | Found a shimmering altar of Xom.
    18 | D        | Found an ornate altar of the Wu Jian Council.
    18 | D        | Found a sacrificial altar of Ru.
    18 | D        | Found a stormy altar of Qazlal.
    18 | D        | Found an iron altar of Okawaru.
    18 | D        | Found a sparkling altar of Nemelex Xobeh.
    18 | D        | Found a burning altar of Makhleb.
    18 | D        | Found a blossoming altar of Fedhas.
    18 | D        | Found a white marble altar of Elyvilon.
    18 | D        | Found a shadowy altar of Dithmenos.
    18 | D        | Found a snail-covered altar of Cheibriados.
    19 | D        | Found a radiant altar of Vehumet.
    19 | D        | Found a corrupted altar of Lugonu.
    19 | D        | Found a roughly hewn altar of Beogh.
    20 | D        | Found an ancient bone altar of Kikubaaqudgha.
    20 | D        | Found a hide-covered altar of Uskayaw.
    20 | D        | Found a broken altar of Ashenzari.
    22 | D        | Became a worshipper of Gozag Ym Sagoz the Greedy
    52 | D        | Reached skill level 4 in Armour
    81 | D        | Reached skill level 5 in Shields
    81 | D        | Reached XP level 2. HP: 18/28 MP: 1/1
    90 | D        | Reached skill level 5 in Fighting
    96 | D        | Reached skill level 5 in Armour
    96 | D        | Reached XP level 3. HP: 18/36 MP: 2/2
   280 | D        | Noticed a phantom
   286 | D        | Reached skill level 1 in Dodging
   295 | D        | Noticed a big kobold
   309 | D        | Killed a big kobold
   309 | D        | Reached skill level 5 in Maces & Flails
   309 | D        | Reached skill level 6 in Armour
   309 | D        | Reached XP level 4. HP: 35/45 MP: 3/3
   316 | D        | Reached skill level 7 in Armour
   316 | D        | Reached XP level 5. HP: 36/51 MP: 4/4
   337 | D        | Noticed a floating eye
   340 | D        | Killed a floating eye
   340 | D        | Reached skill level 8 in Armour
   349 | D        | Killed a phantom
   349 | D        | Reached skill level 9 in Armour
   349 | D        | Reached XP level 6. HP: 50/61 MP: 5/5
   370 | D        | Reached skill level 10 in Armour
   374 | D        | Noticed Crazy Yiuf
   374 | D        | Noticed Duvessa
   379 | D        | Killed Duvessa
   379 | D        | Reached XP level 7. HP: 56/68 MP: 6/6
   391 | D        | Killed Crazy Yiuf
   404 | D        | Noticed an orc sorcerer
   404 | D        | Noticed a jumping spider
   405 | D        | Noticed a rust devil
   418 | D        | Paralysed by an orc sorcerer for 2 turns
   420 | D        | Noticed an orange demon
   421 | D        | Killed an orc sorcerer
   421 | D        | Reached skill level 10 in Maces & Flails
   421 | D        | Reached skill level 11 in Armour
   421 | D        | Reached skill level 5 in Dodging
   421 | D        | Reached skill level 10 in Shields
   429 | D        | Killed a jumping spider
   429 | D        | Reached XP level 8. HP: 64/78 MP: 7/7
   529 | D        | Noticed a dream sheep
   529 | D        | Noticed a dream sheep
   530 | D        | Noticed a dream sheep
   530 | D        | Noticed a sea snake
   530 | D        | Noticed a dream sheep
   536 | D        | Killed a dream sheep
   536 | D        | Reached skill level 12 in Armour
   537 | D        | Killed a dream sheep
   552 | D        | Slain by a sea snake

Illustrated notes

Levels and vault maps discovered:
D:        pitsprint [storerooms_1, entrance_room_1, metal_vault_3, armoury_3,
          mini_pit_1, grid_room_1, main_hall_1, silver_pit, the_coven_3,
          the_vestibule_1, steel_vault_4, golden_pit, hallway_of_sentries,
          crystal_vault_3, iron_vault_4, final_vault]

Skill      XL: |  1  2  3  4  5  6  7  8 |
---------------+-------------------------+-----
Fighting       | 4 5 6 7 8 9 |  9.7
Armour         | 4 5 6 7 9 10 11 12 | 12.4
Shields        | 5 6 7 8 9 11 | 11.8
Maces & Flails | 3 5 6 8 9 10 11 | 11.0
Dodging        | 1 2 3 4 5 6 |  6.3
Stealth        | |  0.1

Action                   |  1- 3 |  4- 6 |  7- 9 || total
-------------------------+-------+-------+-------++-------
Melee: Mace              |    48 |    33 |    43 ||   124
       Flail             |     4 |       |       ||     4
       Headbutt          |     6 |     8 |     3 ||    17
  Use: Potion            |     2 |       |     4 ||     6
Armor: Scale mail        |    26 |       |       ||    26
       Chain mail        |    31 |    27 |    19 ||    77
Dodge: Dodged            |    18 |     9 |    14 ||    41
Block: Kite shield       |    37 |    15 |    26 ||    78

Table legend: (Time is in decaauts)
 A = Elapsed time spent in this place.
 B = Non-inter-level travel time spent in this place.
 C = Inter-level travel time spent in this place.
 D = Time resting spent in this place.
 E = Time spent auto-exploring this place.
 F = Levels seen in this place.
 G = Mean time per level.
                   A        B        C        D        E       F      G
               +--------+--------+--------+--------+--------+-----+--------+
         Total |    576 |    506 |     70 |    126 |      0 |   1 |  576.0 |
       Dungeon |    576 |    506 |     70 |    126 |      0 |   1 |  576.0 |
               +--------+--------+--------+--------+--------+-----+--------+

Top non-repeatable levels by time:
       D: 576 daAuts
